 Dungeon Crawl Stone Soup version 0.29-a0-330-g52719c12eb (webtiles) character file.

Game seed: 8090713649445007104

15143 kae the Arsonist (level 11, 0/74 HPs)
             Began as a Demigod Fire Elementalist on May 1, 2022.
             Slain by a sixfirhy (7 damage)
             ... on level 3 of the Abyss.
             The game lasted 00:10:37 (17548 turns).

kae the Arsonist (Demigod Fire Elementalist)       Turns: 17548, Time: 00:10:38

Health: 0/74       AC: 14    Str: 15    XL:     11   Next: 66%
Magic:  21/29      EV: 11    Int: 29    God:
Gold:   856        SH:  0    Dex: 20    Spells: 16/29 levels left

rFire   + . .      SeeInvis .   (no weapon)
rCold   x . .      Faith    .   (no shield)
rNeg    . . .      Spirit   .   A - +6 ring mail of Mutualism {rF+ rC- Dex+6}
rPois   .          Reflect  .   C - +2 helmet
rElec   .          Harm     .   (no cloak)
rCorr   .          Rampage  .   (no gloves)
Will    +....                   (no boots)
Stlth   ++........              u - amulet of the acrobat
HPRegen 0.22/turn               q - +6 ring of strength
MPRegen 0.21/turn               (no ring)

@: no status effects
A: high MP 1, forlorn, divine attributes
a: no special abilities


You were on level 3 of the Abyss.
You visited 1 branch of the dungeon, and saw 11 of its levels.
You visited the Abyss 1 time.

You collected 856 gold pieces.

Inventory:

Armour
 a - a +1 robe
 x - the +4 robe of Augmentation {Str+4 Int+4 Dex+4}
   (You found it on level 5 of the Dungeon)

   Str:       It affects your strength (+4).
   Int:       It affects your intelligence (+4).
   Dex:       It affects your dexterity (+4).
 y - a +1 hat of stealth
 A - the +6 ring mail of Mutualism (worn) {rF+ rC- Dex+6}
   (You found it on level 7 of the Dungeon)

   Dex:       It affects your dexterity (+6).
   rF:        It protects you from fire.
   rC:        It makes you vulnerable to cold.
 C - a +2 helmet (worn)
 D - +0 acid dragon scales
Jewellery
 q - a +6 ring of strength (left hand)
 u - an amulet of the acrobat (around neck)
Wands
 e - a wand of flame (5)
 g - a wand of paralysis (16)
 l - a wand of polymorph (2)
 o - a wand of mindburst (29)
 s - a wand of digging (3)
 t - a wand of iceblast (10)
Scrolls
 c - a scroll of immolation
 f - 4 scrolls of noise
 h - 2 scrolls of magic mapping
 j - a scroll of summoning
 z - 3 scrolls of teleportation
Potions
 b - a potion of magic
 d - 5 potions of lignification
 i - 2 potions of mutation
 k - 4 potions of invisibility
 m - a potion of brilliance {unknown}
 n - 2 potions of ambrosia
 r - 3 potions of curing
 v - a potion of flight {unknown}
 w - a potion of berserk rage
 B - a potion of might {unknown}
Miscellaneous
 F - a condenser vane


   Skills:
 - Level 1.7 Dodging
 - Level 1.7 Stealth
 + Level 9.8 Spellcasting
 + Level 10.5 Conjurations
 + Level 10.8 Fire Magic


You had 16 spell levels left.
You knew the following spells:

 Your Spells              Type           Power      Damage    Failure   Level
a - Foxfire               Conj/Fire      100%       2x1d9     1%          1
b - Scorch                Fire           100%       2d10      1%          2
c - Conjure Flame         Conj/Fire      66%        6-21      1%          3
d - Inner Flame           Hex/Fire       45%        N/A       2%          3
e - Flame Wave            Conj/Fire      66%        2d12      1%          4

Your spell library contained the following spells:

 Spells                   Type           Power      Damage    Failure   Level
 Shock                    Conj/Air       100%       1d9       1%          1
 Ensorcelled Hibernation  Hex/Ice        28%        N/A       12%         2
 Spider Form              Tmut/Pois      14%        N/A       22%         3
 Swiftness                Air            14%        N/A       22%         3
 Airstrike                Air            7%         N/A       58%         4
 Anguish                  Hex/Necr       7%         N/A       58%         4
 Animate Dead             Necr           7%         N/A       58%         4
 Haunt                    Necr/Summ      7%         N/A       100%        7
 Infestation              Necr           7%         N/A       100%        8


Dungeon Overview and Level Annotations

Branches:
Dungeon (11/15)            Temple (0/1) D:7            Lair (0/6) D:10
    Orc (0/2) D:9

Shops:
D:4 :   D:5 *

Annotations:
D:6 3 runed translucent doors, NigelTetley's ghost, novice OpTm
D:11 Erolcha; Sonja


Innate Abilities, Weirdness & Mutations

You have an increased reservoir of magic. (+10% MP)
You shall have no god before yourself.
Your divine heritage dramatically boosts your attributes as you level up.


Message History

Magic restored.
A chaos spawn comes into view.
Casting: Scorch (safe; 1% risk of failure)
Confirm with . or Enter, or press ? or * to list all spells.
Flames lash the chaos spawn.
The chaos spawn buzzes angrily.
The chaos spawn is lightly wounded.
The chaos spawn's fire resistance burns away.
The chaos spawn gores you but does no damage.
The chaos spawn barely misses you.
Casting: Scorch (safe; 1% risk of failure)
Confirm with . or Enter, or press ? or * to list all spells.
Flames lash the chaos spawn.
The chaos spawn is burned terribly!
The chaos spawn is severely wounded.
The chaos spawn misses you. The chaos spawn closely misses you.
Casting: Scorch (safe; 1% risk of failure)
Confirm with . or Enter, or press ? or * to list all spells.
Flames lash the chaos spawn.
The chaos spawn is burned terribly!
The chaos spawn is almost dead.
The sixfirhy hits you but does no damage. x2
A sixfirhy comes into view.
Casting: Scorch (safe; 1% risk of failure)
Confirm with . or Enter, or press ? or * to list all spells.
Flames lash the sixfirhy.
The sixfirhy is moderately wounded.
The sixfirhy's fire resistance burns away.
The sixfirhy misses you. The sixfirhy completely misses you.
The sixfirhy misses you.
Casting: Scorch (safe; 1% risk of failure)
Confirm with . or Enter, or press ? or * to list all spells.
Flames lash the sixfirhy.
The sixfirhy is burned terribly!
The sixfirhy is almost dead.
The sixfirhy closely misses you. The sixfirhy hits you.
The sixfirhy shocks you! The sixfirhy hits you.
* * * LOW HITPOINT WARNING * * *
The sixfirhy shocks you!
* * * LOW HITPOINT WARNING * * *
The sixfirhy hits you!
You die...

. # . .
.# ##*
.# #. #
#. #
.##
#.##.##
4#@.# #
#3.## #
#..#
#### #
# .


You could see a sixfirhy (combustible).

Vanquished Creatures
  Gastronok (D:11)
  A purple draconian (Abyss:3)
  3 two-headed ogres
  An unseen horror (D:11)
  2 komodo dragons
  A freezing wraith (Abyss:3)
  3 trolls (D:9)
  A hornet (D:11)
  Prince Ribbit (D:6)
  Grinder (D:3)
  2 flying skulls (Abyss:2)
  A shadow (D:11)
  Sigmund (D:5)
  A wraith (D:11)
  17 yaks
  A vampire mosquito (D:7)
  A steam dragon (D:10)
  2 acid dragons
  2 large abominations
  Edmund (D:5)
  21 water moccasins
  An ice beast (D:4)
  9 orc warriors
  A sky beast (D:7)
  An ogre (D:5)
  4 centaurs
  4 kobold brigands
  3 necrophages
  2 gnoll sergeants
  6 bullfrogs
  A scorpion (D:7)
  4 wights
  9 killer bees
  An electric eel (D:11)
  2 howler monkeys
  6 hounds
  3 jellies
  2 gnoll shamans
  10 orc priests
  Jessica (D:3)
  6 iguanas
  6 orc wizards
  23 gnolls
  23 adders
  3 shadow imps
  2 worms
  4 dart slugs
  63 orcs
  4 bats
  8 endoplasms
  2 giant cockroaches
  4 goblins
  7 hobgoblins
  16 kobolds
  4 quokkas
  7 ball pythons
  4 frilled lizards
  3 rats (D:1)
  A lurking horror (Abyss:3)
325 creatures vanquished.

Vanquished Creatures (others)
  1017 foxfires
  5 plants
1022 creatures vanquished.

Grand Total: 1347 creatures vanquished

Notes
Turn   | Place    | Note
-------+----------+-------------------------------------------
     0 | D:1      | kae the Demigod Fire Elementalist began the quest for the
                  | Orb.
     0 | D:1      | Reached XP level 1. HP: 14/14 MP: 5/5
    16 | D:1      | Reached skill level 1 in Conjurations
   613 | D:1      | Reached XP level 2. HP: 20/20 MP: 5/7
   635 | D:1      | Learned a level 2 spell: Scorch
   977 | D:1      | HP: 1/20 [gnoll/+0 spear (5)]
  1654 | D:2      | Reached XP level 3. HP: 26/26 MP: 6/9
  1658 | D:2      | Learned a level 3 spell: Conjure Flame
  2538 | D:3      | Noticed Grinder
  2554 | D:3      | Killed Grinder
  2555 | D:3      | Reached XP level 4. HP: 19/33 MP: 2/11
  2555 | D:3      | Reached XP level 5. HP: 22/38 MP: 2/12
  2773 | D:3      | Learned a level 3 spell: Inner Flame
  2995 | D:3      | Noticed Jessica
  2999 | D:3      | Killed Jessica
  3638 | D:4      | Noticed an ice beast
  3639 | D:4      | Reached XP level 6. HP: 45/45 MP: 11/14
  3997 | D:4      | Learned a level 4 spell: Flame Wave
  4252 | D:4      | Reached XP level 7. HP: 50/50 MP: 13/16
  4262 | D:4      | Reached skill level 5 in Fire Magic
  4695 | D:4      | Found Gebam's Book Shop.
  5014 | D:5      | Entered Level 5 of the Dungeon
  5498 | D:5      | Found the +4 robe of Augmentation {Str+4 Int+4 Dex+4}
  5527 | D:5      | Noticed Edmund
  5532 | D:5      | Noticed Sigmund
  6091 | D:5      | Reached skill level 5 in Conjurations
  6210 | D:5      | Found Codd's General Store.
  6284 | D:5      | Reached skill level 5 in Spellcasting
  6365 | D:5      | Reached XP level 8. HP: 57/57 MP: 16/19
  6702 | D:5      | Killed Sigmund
  6852 | D:5      | Killed Edmund
  7387 | D:5      | Found Codd's General Store.
  7991 | D:6      | Noticed Prince Ribbit
  8012 | D:6      | Killed Prince Ribbit
  8082 | D:6      | Found a runed translucent gate.
  8083 | D:6      | Found a runed translucent gate.
  8084 | D:6      | Found a runed translucent gate.
  8086 | D:6      | Noticed NigelTetley's ghost (novice OpTm)
  8761 | D:6      | Reached XP level 9. HP: 9/62 MP: 17/22
  9592 | D:7      | Found a staircase to the Ecumenical Temple.
  9706 | D:7      | Identified the +6 ring mail of Mutualism {rF+ rC- Dex+6}
 10490 | D:8      | You fall into a shaft and drop 3 floors!
 10612 | D:11     | Killed an unseen horror
 10613 | D:11     | Reached XP level 10. HP: 39/69 MP: 19/25
 10783 | D:11     | Noticed Gastronok
 10798 | D:11     | Killed Gastronok
 10960 | D:11     | Noticed Sonja
 11083 | D:11     | Noticed a two-headed ogre
 11099 | D:11     | Killed a two-headed ogre
 11207 | D:10     | Entered Level 10 of the Dungeon
 11278 | D:10     | Noticed a two-headed ogre
 11296 | D:10     | Killed a two-headed ogre
 13239 | D:9      | Reached XP level 11. HP: 57/74 MP: 21/28
 13583 | D:9      | Reached skill level 10 in Fire Magic
 13880 | D:9      | Found a staircase to the Orcish Mines.
 13987 | D:9      | Noticed a balrug
 14212 | D:10     | Noticed a two-headed ogre
 14230 | D:10     | Killed a two-headed ogre
 14769 | D:10     | Found a staircase to the Lair.
 15495 | D:11     | Reached skill level 10 in Conjurations
 15975 | D:11     | Noticed Erolcha
 16970 | D:11     | Cast into level 1 of the Abyss (Erolcha)
 17151 | Abyss:2  | Noticed a starcursed mass
 17318 | Abyss:3  | Noticed a purple draconian
 17330 | Abyss:3  | Killed a purple draconian
 17340 | Abyss:3  | HP: 3/74 [large abomination (17)]
 17545 | Abyss:3  | Noticed a sixfirhy
 17548 | Abyss:3  | Slain by a sixfirhy

Illustrated notes

Levels and vault maps discovered:
D:1:      wander_arrival_fairy_ring, layout_basic,
          hangedman_decor_diamond_cutter, minmay_close_crescents
D:2:      layout_rooms, basic_altar, roderic_roman_lattice
D:3:      layout_basic, mainiacjoe_overflow_brackets, uniq_grinder, uniq_jessica
D:4:      layout_basic, serial_shops, shop, kennysheep_generic_room_13
D:5:      layout_basic, nicolae_take_the_stairs, sigmund_edmund_badplayer
D:6:      layout_basic, ebering_ghost_rock_garden, hangedman_glass_teeth,
          uniq_prince_ribbit1
D:7:      cheibrodos_barr_body, layout_rooms, kennysheep_slug_shrine,
          minmay_temple_entry_large_hall
D:8:      layout_basic, old_standard_altar, mainiacjoe_overflow_paths
D:9:      layout_cave_pools, ashenzari_altar_1, old_standard_altar,
          makhleb_altar_promises_db, hiddenorc1_lemuel, special_room
          [special_room_orc], dreamdust_wishing_well, kb_lookout_dungeons_type
D:10:     layout_loops_corners, lemuel_tele_altar, david_lair_shrubbed,
          kennysheep_generic_room_5
D:11:     lemuel_reptile_caves, layout_loops_corners, uniq_gastronok,
          uniq_erolcha, uniq_sonja
Abyss:3:  base: D:6, hangedman_decor_riveting, evilmike_abyss_exit_12,
          hangedman_abyss_or_decor_jellyfish_corner

Skill      XL: |  1  2  3  4  5  6  7  8  9 10 11 |
---------------+----------------------------------+-----
Conjurations   | 1 3 4 5 6 8 9 10 | 10.5
Spellcasting   | 2 3 4 5 6 7 8 9 |  9.8
Fire Magic     | 3 4 5 7 8 9 10 | 10.8
Dodging        | |  1.7
Stealth        | |  1.7

Action                   |  1- 3 |  4- 6 |  7- 9 | 10-12 || total
-------------------------+-------+-------+-------+-------++-------
Melee: Unarmed           |     1 |       |    13 |    19 ||    33
       Punch             |       |       |     1 |       ||     1
 Cast: Foxfire           |   109 |    91 |   142 |   257 ||   599
       Scorch            |       |     3 |    69 |    84 ||   156
       Conjure Flame     |       |       |     7 |    10 ||    17
       Flame Wave        |       |       |     7 |    22 ||    29
       Inner Flame       |       |       |       |     9 ||     9
Evoke: Wand              |       |       |       |     1 ||     1
  Use: Scroll            |       |       |    20 |     2 ||    22
       Potion            |       |       |     1 |     5 ||     6
Armor: Robe              |     1 |     1 |    17 |       ||    19
       Ring mail         |       |       |    12 |   104 ||   116
Dodge: Dodged            |    13 |     8 |   125 |   276 ||   422

Table legend: (Time is in decaauts)
 A = Elapsed time spent in this place.
 B = Non-inter-level travel time spent in this place.
 C = Inter-level travel time spent in this place.
 D = Time resting spent in this place.
 E = Time spent auto-exploring this place.
 F = Levels seen in this place.
 G = Mean time per level.
                   A        B        C        D        E       F      G
               +--------+--------+--------+--------+--------+-----+--------+
         Total |  17581 |  17253 |    328 |   1313 |  13450 |  14 | 1255.8 |
       Dungeon |  17003 |  16675 |    328 |    903 |  13435 |  11 | 1545.7 |
         Abyss |    577 |    577 |      0 |    410 |     15 |   3 |  192.3 |
               +--------+--------+--------+--------+--------+-----+--------+

Top non-repeatable levels by time:
     D:5: 2626 daAuts
    D:11: 2126 daAuts
     D:9: 1786 daAuts
     D:6: 1630 daAuts
    D:10: 1620 daAuts
     D:1: 1496 daAuts
     D:4: 1288 daAuts
     D:3: 1268 daAuts
     D:8: 1139 daAuts
     D:7: 1060 daAuts
     D:2: 961 daAuts
 Abyss:3: 350 daAuts
 Abyss:2: 142 daAuts
 Abyss:1: 83 daAuts
